AoeStats
← roberts194

Four Lakes

510113941Analyzed
1v1 RM · 2d ago on Sep 29, 2026· 49m 3s· 2 players
Game mode
Random Map
Map size
Tiny (2 player)
Population
200
Speed
Normal
Resources
Standard
Victory
Conquest
Starting age
Dark Age
Ending age
Imperial Age
RankedLock teamsTeams togetherTeam positionsShared explorationLock speedFull tech treeHidden civsTurbo modeCheats
Victory
Defeat
🇬🇧 Celts · United Kingdom
857
+15
🇺🇸 Malay · United States
836
-15
Pseudoskills
11:34 Feudal Age
9:52 Loom
15:50 Castle Age
13:45 Double-Bit Axe
16:13 Wheelbarrow
16:38 Fishing Lines
17:27 Town Watch
17:47 Gillnets
21:10 Bow Saw
21:30 Gold Mining
23:03 Gold Shaft Mining
22:54 Forging
23:15 Squires
23:03 Arson
25:24 Iron Casting
25:59 Stone Mining
26:41 Hand Cart
36:20 Imperial Age
42:06 Elite Karambit Warrior
47:12 Conscription
49:28 Blast Furnace
roberts194
0:40 Loom
11:08 Feudal Age
13:56 Town Watch
14:15 Double-Bit Axe
15:19 Wheelbarrow
17:52 Castle Age
18:37 Fishing Lines
21:45 Bow Saw
21:47 Gillnets
21:45 Horse Collar
25:54 Scale Mail Armor
27:35 Arson
39:44 Imperial Age
42:52 Forging
43:01 Chain Mail Armor
Connection lost

Rejoining the realm…

Still unreachable

The connection could not be restored.

Session expired

The server has moved on; the page needs a fresh start.